 Dungeon Crawl Stone Soup version 0.26.0-9-gab577f9fc5 (console) character file.

Game seed: 4571104992598142854

16 Garrluk the Chopper (level 2, -4/40 HPs)
             Began as a Deep Dwarf Berserker on Jan 13, 2021.
             Was a Follower of Trog.
             Slain by Sigmund
             ... wielding a +0 scythe
              (10 damage)
             ... on level 2 of the Dungeon.
             The game lasted 00:01:44 (263 turns).

Garrluk the Chopper (Deep Dwarf Berserker)           Turns: 263, Time: 00:01:44

Health: -4/40      AC:  5    Str: 20    XL:     2   Next: 41%
Magic:  2/2        EV: 12    Int:  7    God:    Trog [*.....]
Gold:   22         SH:  0    Dex: 12    Spells: 1/1 levels left

rFire    . . .     SeeInvis .   a - +0 hand axe
rCold    + . .     Faith    .   (no shield)
rNeg     . . .     Spirit   .   c - +2 leather armour {rC+}
rPois    .         Reflect  .   (no helmet)
rElec    .         Harm     .   (no cloak)
rCorr    .         Rampage  .   (no gloves)
Will     .....                  (no boots)
Stlth    ..........             (no amulet)
HPRegen  0.00/turn              (no ring)
MPRegen  0.08/turn              (no ring)

@: berserking, non-regenerating, very quick
A: damage resistance, heal wounds, sense surroundings 1, no regeneration
a: Heal Wounds, Renounce Religion, Berserk


You were on level 2 of the Dungeon.
You worshipped Trog.
Trog was aware of your devotion.
You visited 1 branch of the dungeon, and saw 2 of its levels.

You collected 22 gold pieces.

Inventory:

Hand Weapons
 a - a +0 hand axe (weapon)
Armour
 c - a +2 leather armour of cold resistance (worn)
Scrolls
 d - a scroll of identify {unknown}
Potions
 b - a potion of invisibility {unknown}
 e - a potion of flight {unknown}


   Skills:
 - Level 2.6 Fighting
 + Level 4.2 Axes
 - Level 2.1 Armour
 - Level 2.1 Dodging


You had one spell level left.
You didn't know any spells.
Your spell library was empty.

Dungeon Overview and Level Annotations

Branches:
Dungeon (2/15)

Altars:

Annotations:
D:2 Sigmund


Innate Abilities, Weirdness & Mutations

You are resistant to damage.
You can heal yourself by infusing magical energy.
You passively map a small area around you.
You do not regenerate.


Message History

The kobold is heavily wounded.
A quokka comes into view.
The kobold hits you but does no damage.
The quokka moves out of view.
You barely miss the kobold.
The kobold is heavily wounded.
A puff of flame appears from out of thin air!
The puff of flame misses you. The kobold hits you but does no damage.
You hit the kobold.
You kill the kobold!
Trog accepts your kill.
A magic dart appears from out of thin air!
The magic dart hits you. Something hits you!
* * * LOW HITPOINT WARNING * * *
A red film seems to cover your vision as you go berserk!
You feel yourself moving faster!
You feel mighty! Something hits you.
You feel a strong urge to attack something.
You miss something. You closely miss something. You closely miss the quokka.
Something hits you!
You die...

#.#####.##..[...# *
. #.....#.†)......#
..
#.....#.##......# *
..
#.....#.##......#
..
*#....#.##......#
.. #....#.##......#
.. #.†..#.##......#
.. #.(..#.##......#
..
#####....)........#
..*
#..†...#...#......#
..
#.####.#..@#[.....#
## #.#
..#.r{#.######
#######.#
##.##.##.#
#.......#
,.......)#
..####### #....####
###* , *...... , *
* ..... , * *
#..... , * , , ** *
* * * *


You could see a quokka.

Vanquished Creatures
  2 worms (D:2)
  A bat (D:2)
  2 kobolds (D:2)
  A quokka (D:2)
  4 frilled lizards (D:2)
  A rat (D:1)
11 creatures vanquished.

Notes
Turn   | Place    | Note
-------+----------+-------------------------------------------
     0 | D:1      | Garrluk the Deep Dwarf Berserker began the quest for the
                  | Orb.
     0 | D:1      | Reached XP level 1. HP: 20/20 MP: 1/1
   170 | D:2      | Noticed Sigmund
   205 | D:2      | Reached XP level 2. HP: 25/27 MP: 2/2
   225 | D:2      | Reached skill level 4 in Axes
   263 | D:2      | Slain by Sigmund

Illustrated notes

Levels and vault maps discovered:
D:1:      mrwooster_arrival_statue_2, layout_basic, serial_forest,
          infiniplex_forest_clump_medium, infiniplex_forest_straight_3,
          infiniplex_forest_end_2, infiniplex_forest_straight_3,
          infiniplex_forest_clump_long, infiniplex_forest_lined_room_2,
          infiniplex_forest_clump_small
D:2:      layout_basic, minivault_26, minmay_tree_intersection, uniq_sigmund,
          uniq_jessica

Skill      XL: |  1  2 |
---------------+-------+-----
Axes           | 4 |  4.2
Fighting       | |  2.6
Armour         | |  2.1
Dodging        | |  2.1

Action                   || total
-------------------------++-------
Melee: Hand axe          ||    54
Invok: Berserk           ||     1
Armor: Leather armour    ||    16
Dodge: Dodged            ||    42
